 Dungeon Crawl Stone Soup version 0.31-a0-237-g2d982f9f85 (webtiles) character file.

Game seed: 9093928509217356356

336 qw the Shooter (level 6, 1/1 HPs)
             Began as a Gargoyle Hexslinger on July 11, 2023.
             Quit the game on level 4 of the Dungeon.
             The game lasted 01:27:55 (30879 turns).

qw the Shooter (Gargoyle Hexslinger)               Turns: 30879, Time: 01:27:56

Health: 1/1        AC: 14    Str: 11    XL:     6   Next: 54%
Magic:  7/7        EV: 15    Int: 17    God:
Gold:   162        SH:  5    Dex: 14    Spells: 6/7 levels left

rFire   . . .        Y - +1 sling
rCold   . . .        (no shield)
rNeg    + . .        f - +0 ring mail
rPois   inf          b - +2 helmet {Int+3}
rElec   +            (no cloak)
rCorr   .            (no gloves)
SInv    .            j - +1 pair of boots
Will    .....        n - amulet of reflection
Stlth   +            m - +5 ring of evasion
HPRegen 0.20/turn    (no ring)
MPRegen 0.10/turn

%: reflection
@: no status effects
A: sickness immunity, AC +4, negative energy resistance 1, electricity
resistance, torment resistance 1, petrification resistance
a: no special abilities


You were on level 4 of the Dungeon.
You visited 1 branch of the dungeon, and saw 4 of its levels.

You collected 162 gold pieces.


Innate Abilities, Weirdness & Mutations

You are immune to sickness and miasma.
Your stone body is resilient. (AC +4)
You are immune to poison.
You resist negative energy. (rN+)
You are resistant to electric shocks. (rElec)
You are resistant to unholy torment.
You are immune to petrification.


   Skills:
 - Level 3.0 Fighting
 + Level 5.8 Ranged Weapons
 - Level 1.9 Armour
 - Level 1.5 Dodging
 - Level 1.0 Spellcasting
 - Level 2.6 Hexes


You had 6 spell levels left.
You knew the following spells:

 Your Spells              Type           Power      Damage    Failure   Level
a - Slow                  Hex            36%        N/A       17%         1

Your spell library contained the following spells:

 Spells                   Type           Power      Damage    Failure   Level
 Inner Flame              Hex/Fire       5%         N/A       65%         3
 Portal Projectile        Hex/Tloc       10%        N/A       65%         3
 Cause Fear               Hex            4%         N/A       86%         4

Inventory:

Hand Weapons
 Y - a +1 sling (weapon)
Armour
 b - a +2 helmet of intelligence (worn)
 f - a +0 ring mail (worn)
 j - a +1 pair of boots (worn)
Jewellery
 k - a ring of ice
 m - a +5 ring of evasion (left hand)
 n - an amulet of reflection (around neck)
Scrolls
 a - a scroll of identify
 e - 3 scrolls of teleportation
Potions
 c - a potion of brilliance {unknown}
 d - 3 potions of enlightenment
 g - a potion of curing {unknown}
 h - a potion of degeneration {unknown}
 i - a potion of mutation {unknown}
 l - a potion of magic {unknown}
 o - a potion of lignification {unknown}

Dungeon Overview and Level Annotations

Branches:
Dungeon (4/15)
 Temple: D:4-7

Altars:
Cheibriados
Fedhas
Gozag
Makhleb
Qazlal
Ru
Yredelemnul
Zin

Annotations:
D:3 3 runed translucent doors, qw's ghost, weakling GrHs


Message History

Enter note:
Enter note:
Enter note:
Enter note:
Enter note:
Enter note:
Enter note:
Enter note:
Enter note:
Enter note:
Enter note:
Enter note:
Enter note:
Enter note:
Enter note:
Enter note:
Enter note:
Enter note:
Enter note:
Enter note:
Enter note:
Enter note:
Enter note:
Enter note:
Enter note:
Enter note:
Enter note:
Enter note:
Enter note:
Enter note:
Enter note:
Enter note:
Enter note:
Enter note:
Enter note:
Enter note: Zot's power touches on you...
Buggy note passed: unknown note type
30879 ||| QUITTING!
Are you sure you want to abandon this character and quit the game? (Confirm with "yes".)

# ######P#PP..~~~~~..P#.P ####
#.>##PP#P..~~~~~~~..##.
...########.##P#PP..~~~~~~~~~..PP
##.#........# #PPP.~~~~~~~~~~~.#P
...#..###.######PP.~~~~...~~~~.##
......# #.# #P.P#......_.~~~~...
......# #.# #PPPP.~~~~...~~~~.##
##.######.# #.P...~~~~~~~~~~~.P#
)......##.# #.#@#..~~~~~~~~~..#P
##.###.##.# ##.PPP..~~~~~~~..PPP
#.# #.##.####P#.PPP..~~~~~..PPP
##.# #.##.#..#PP.PP#P.......##P.P
...# #<##....#P..PPPP.PPP### P#P#
##.###.####..#PP..PP.PP##P # ..
#.##..# #####PP.PPPP#P ##.##.##


PPP#P.PPP ...##.# ####### ##### You could see an oklob plant.

Vanquished Creatures
  Sigmund (D:3)
  A sleepcap (D:4)
  Ijyb (D:3)
  2 orc wizards (D:4)
  4 adders
  A white imp (D:4)
  2 dart slugs
  7 orcs (D:4)
  5 ball pythons
  6 bats
  5 endoplasms
  4 giant cockroaches
  11 goblins
  4 hobgoblins
  2 jackals (D:4)
  3 quokkas
  2 frilled lizards
  10 kobolds
  4 rats (D:1)
75 creatures vanquished.

Notes
Turn   | Place    | Note
-------+----------+-------------------------------------------
     0 | D:1      | qw the Gargoyle Hexslinger began the quest for the Orb.
     0 | D:1      | Reached XP level 1. HP: 12/12 MP: 2/2
     0 | D:1      | 0 ||| qw: Version: 0.3-a-52-g30416fa
     0 | D:1      | 0 ||| qw: Game counter: 5490
     0 | D:1      | 0 ||| qw: Melee chars always use a shield: true
     0 | D:1      | 0 ||| qw: God list: Okawaru
     0 | D:1      | 0 ||| qw: Allow faded altars: false
     0 | D:1      | 0 ||| qw: Do Orc after clearing Dungeon:15 true
     0 | D:1      | 0 ||| qw: Do second Lair branch before Depths: true
     0 | D:1      | 0 ||| qw: Lair rune preference: random
     0 | D:1      | 0 ||| qw: Goals: Normal
     0 | D:1      | 0 ||| PLANNING D:1-11
    12 | D:1      | 12 ||| Stepping ~*~*~tactically~*~*~ (outnumbered).
   152 | D:1      | Reached XP level 2. HP: 16/16 MP: 3/3
   200 | D:1      | Reached skill level 3 in Ranged Weapons
   976 | D:1      | 976 ||| UPGRADING to +0 ring mail.
   986 | D:1      | 986 ||| DROPPING +0 robe.
   987 | D:1      | 987 ||| READING scroll labelled SECSAIPL TEPP.
   988 | D:1      | 988 ||| DROPPING scroll of poison.
  1005 | D:2      | Reached XP level 3. HP: 21/21 MP: 4/4
  1009 | D:2      | 1009 ||| STAIRDANCE
  1112 | D:2      | Found a sacrificial altar of Ru.
  1509 | D:2      | 1509 ||| UPGRADING to +0 pair of boots.
  1514 | D:2      | 1514 ||| UPGRADING to +5 ring of evasion.
  1515 | D:2      | 1515 ||| READING 2 scrolls labelled PAMALA UNKAO.
  1516 | D:2      | 1516 ||| READING 2 scrolls labelled NAIHOE TEPYO.
  1521 | D:2      | 1521 ||| READING 2 scrolls labelled ENOEFU DINAI.
  1522 | D:2      | 1522 ||| READING scroll of enchant armour.
  1522 | D:2      | 1522 ||| ENCHANTING +0 pair of boots.
  1523 | D:2      | 1523 ||| READING scroll labelled ZAGYFU BECIA.
  1524 | D:2      | 1524 ||| READING scroll labelled QIETOVYASK.
  1525 | D:2      | 1525 ||| READING scroll labelled FIEMOKLUAS.
  1526 | D:2      | 1526 ||| DRINKING 3 glowing blue potions.
  1527 | D:2      | 1527 ||| DRINKING 3 inky potions.
  1528 | D:2      | 1528 ||| DROPPING scroll of blinking.
  1565 | D:3      | Reached XP level 4. HP: 26/26 MP: 5/5
  1643 | D:3      | Noticed Ijyb
  1654 | D:3      | Killed Ijyb
  1655 | D:3      | Reached skill level 1 in Armour
  1685 | D:3      | Found a runed translucent gate.
  1686 | D:3      | Found a runed translucent gate.
  1688 | D:3      | Found a runed translucent gate.
  1823 | D:3      | Noticed qw's ghost (weakling GrHs)
  1843 | D:3      | Reached skill level 4 in Ranged Weapons
  2010 | D:3      | Found a basalt altar of Yredelemnul.
  2010 | D:3      | Found a snail-covered altar of Cheibriados.
  2162 | D:3      | Found a burning altar of Makhleb.
  2167 | D:3      | Found a glowing silver altar of Zin.
  2167 | D:3      | Noticed an angel
  2168 | D:3      | Noticed a cacodemon
  2282 | D:3      | Noticed Sigmund
  2291 | D:3      | 2291 ||| FLEEEEING.
  2292 | D:3      | 2292 ||| FLEEEEING.
  2293 | D:3      | 2293 ||| FLEEEEING.
  2305 | D:3      | HP: 6/26 [something (7)]
  2306 | D:3      | 2306 ||| DRINKING 2 potions of heal wounds.
  2317 | D:3      | HP: 5/26 [something (8)]
  2320 | D:3      | 2320 ||| READING 2 scrolls of teleportation.
  2321 | D:3      | 2321 ||| DRINKING potion of heal wounds.
  2402 | D:3      | Killed Sigmund
  2403 | D:3      | Reached skill level 5 in Ranged Weapons
  2403 | D:3      | Reached XP level 5. HP: 30/30 MP: 6/6
  2625 | D:3      | 2625 ||| UPGRADING to amulet of reflection.
  2630 | D:3      | 2630 ||| READING scroll labelled REFI VAXABILAU.
  2667 | D:4      | Found an opulent altar of Gozag.
  2678 | D:4      | Reached XP level 6. HP: 36/36 MP: 7/7
  2711 | D:4      | HP: 9/36 [orc/+0 mace (4)]
  2712 | D:4      | 2712 ||| READING scroll of teleportation.
  2869 | D:4      | Found a stormy altar of Qazlal.
  2892 | D:4      | Reached skill level 3 in Fighting
  3286 | D:4      | 3286 ||| READING 2 scrolls of identify.
  3286 | D:4      | 3286 ||| IDENTIFYING blue potion
  3287 | D:4      | 3287 ||| DROPPING potion of attraction.
  3518 | D:4      | Found a blossoming altar of Fedhas.
  3544 | D:4      | Noticed an oklob plant
  3545 | D:4      | 3545 ||| UPGRADING to +2 helmet of intelligence.
 22878 | D:4      | Glimpsed the power of Zot.
 23378 | D:4      | Glimpsed the power of Zot.
 23778 | D:4      | Glimpsed the power of Zot.
 23878 | D:4      | Touched by the power of Zot (MHP 37 -> 28)
 23879 | D:4      | Glimpsed the power of Zot.
 24379 | D:4      | Glimpsed the power of Zot.
 24779 | D:4      | Glimpsed the power of Zot.
 24878 | D:4      | Touched by the power of Zot (MHP 30 -> 22)
 24879 | D:4      | Glimpsed the power of Zot.
 25379 | D:4      | Glimpsed the power of Zot.
 25779 | D:4      | Glimpsed the power of Zot.
 25878 | D:4      | Touched by the power of Zot (MHP 24 -> 17)
 25879 | D:4      | Glimpsed the power of Zot.
 26379 | D:4      | Glimpsed the power of Zot.
 26779 | D:4      | Glimpsed the power of Zot.
 26878 | D:4      | Touched by the power of Zot (MHP 18 -> 12)
 26879 | D:4      | Glimpsed the power of Zot.
 27379 | D:4      | Glimpsed the power of Zot.
 27779 | D:4      | Glimpsed the power of Zot.
 27878 | D:4      | Touched by the power of Zot (MHP 13 -> 8)
 27879 | D:4      | Glimpsed the power of Zot.
 28379 | D:4      | Glimpsed the power of Zot.
 28779 | D:4      | Glimpsed the power of Zot.
 28878 | D:4      | Touched by the power of Zot (MHP 9 -> 5)
 28879 | D:4      | Glimpsed the power of Zot.
 29379 | D:4      | Glimpsed the power of Zot.
 29779 | D:4      | Glimpsed the power of Zot.
 29878 | D:4      | Touched by the power of Zot (MHP 6 -> 2)
 29879 | D:4      | Glimpsed the power of Zot.
 30379 | D:4      | Glimpsed the power of Zot.
 30779 | D:4      | Glimpsed the power of Zot.
 30878 | D:4      | Touched by the power of Zot (MHP 3 -> 1)
 30879 | D:4      | 30879 ||| QUITTING!
 30879 | D:4      | Quit the game

Levels and vault maps discovered:
D:1:      grunt_arrival_lava_bath, layout_basic
D:2:      layout_rooms, basic_altar, kennysheep_path_1
D:3:      layout_basic, grunt_temple_overflow_order_and_chaos_2,
          nicolae_overflow_two_pavilions, serial_rivers,
          chequers_serial_rivers_large_a, chequers_serial_rivers_small_b,
          chequers_serial_rivers_micro_c, chequers_serial_rivers_small_3,
          biasface_ghost_orc_armoury, uniq_ijyb, uniq_sigmund
D:4:      layout_loops_ring, nicolae_overflow_crystal_walls,
          grunt_qazlal_clouds, tgw_fedhas, kennysheep_diamond

Skill      XL: |  1  2  3  4  5  6 |
---------------+-------------------+-----
Ranged Weapons | 3 5 |  5.8
Fighting       | 2 3 |  3.0
Armour         | 1 |  1.9
Dodging        | |  1.5
Spellcasting   | |  1.0
Hexes          | |  2.6

Action                     |  1- 3 |  4- 6 || total
---------------------------+-------+-------++-------
   Fire: Sling             |   159 |   191 ||   350
    Use: Scroll            |     8 |     4 ||    12
         Potion            |     2 |     2 ||     4
 Armour: Robe              |     8 |       ||     8
         Ring mail         |    48 |    86 ||   134
  Dodge: Dodged            |    87 |   114 ||   201
  Block: Other             |       |    40 ||    40
         Reflection        |       |     2 ||     2

Table legend:
 A = Non-vault XP
 B = Vault XP
 C = Vault XP percentage of total XP
 D = Non-vault monster count
 E = Vault monster count
 F = Vault count percentage of total count
                 A         B        C        D         E       F
            +---------+---------+-------+---------+---------+-------
      Total |     285 |     196 |  40.7 |      71 |       4 |   5.3
            +---------+---------+-------+---------+---------+-------
        D:1 |      50 |       0 |   0.0 |      22 |       0 |   0.0
        D:2 |      27 |       0 |   0.0 |      16 |       0 |   0.0
        D:3 |      38 |     183 |  82.8 |      14 |       2 |  12.5
        D:4 |     170 |      13 |   7.1 |      19 |       2 |   9.5
            +---------+---------+-------+---------+---------+-------
